[Event "Early-Titled-Tuesday-Blitz-February-13-2024"]
[Site "Chess.com"]
[Date "2024.02.13"]
[Round "7"]
[White "SlavenPastar"]
[Black "Gryffindorac8"]
[Result "1-0"]
[WhiteElo "2606"]
[BlackElo "2397"]
[TimeControl "180+1"]
[EndTime "9:20:37 PST"]
[Termination "SlavenPastar won by resignation"]

1. b3 e5 2. Bb2 Nc6 3. Nf3 e4 4. Nd4 Nxd4 5. Bxd4 Ne7 6. c4 Nf5 7. Bb2 c6 8. e3 d5 9. cxd5 cxd5 10. Bb5+ Bd7 11.
Qe2 a6 12. Bxd7+ Qxd7 13. O-O Bd6 14. d3 O-O 15. dxe4 dxe4 16. Nc3 Qe6 17. Rad1 Rac8 18. Qg4 Rfe8 19. Rd5 Be5 20. Rfd1 Bxc3 21. Bxc3 Rxc3 22.
Qxf5 Qxf5 23. Rxf5 g6 24. Rf6 Kg7 25. Rb6 Re7 26.
g4 Rc2 27. a4 h6 28. Kg2 Rc3 29. Rd4 Rc2 30. Kg3 Rb2 31. Rdb4 Rd7 32. Rxb7 Rdd2 33. Rxe4 Rxf2 34. Rf4 Rxh2 35. Rbxf7+ Kg8 36. Rf8+ 1-0

[Event "Early-Titled-Tuesday-Blitz-February-13-2024"]
[Site "Chess.com"]
[Date "2024.02.13"]
[Round "7"]
[White "Ducke13"]
[Black "BursaBBSatranc"]
[Result "0-1"]
[WhiteElo "2324"]
[BlackElo "2671"]
[TimeControl "180+1"]
[EndTime "9:20:37 PST"]
[Termination "BursaBBSatranc won on time"]

1. d4 d5 2. Nf3 Nf6 3. g3 Bg4 4. Ne5 Bh5 5. c4 c6 6. Nc3 e6 7. cxd5 exd5 8. Bh3 Nbd7 9. Bg5 Qc7 10. Nxd7 Nxd7 11.
O-O Bd6 12. Rc1 Nb6 13. Nb5 Qb8 14. Nxd6+ Qxd6 15. Bf4 Qe7 16. Re1 O-O 17. b3 Rfe8 18. Qd2 Nd7 19. Rc3 Nf6 20. f3 Bg6 21. Be5 Nd7 22.
Bf4 h6 23. Kf2 a5 24. Re3 Qd8 25. Rxe8+ Qxe8 26. e4 dxe4 27. fxe4 Nf6 28. Bg2 a4 29. Be5 axb3 30. axb3 Ng4+ 31. Kg1 Nxe5 32. dxe5 Qxe5 33. Qf4 Qc3 34. Qe3 Qb4 35. e5 Re8 36. Bh3 Kh7 37. e6 fxe6 38. Bxe6 Qd6 39. h4 Kh8 0-1

[Event "Early-Titled-Tuesday-Blitz-February-13-2024"]
[Site "Chess.com"]
[Date "2024.02.13"]
[Round "7"]
[White "GMBenjaminBok"]
[Black "GelmanAlexander"]
[Result "1-0"]
[WhiteElo "2981"]
[BlackElo "2772"]
[TimeControl "180+1"]
[EndTime "9:20:38 PST"]
[Termination "GMBenjaminBok won on time"]

1. d4 Nf6 2. c4 c5 3. Nf3 cxd4 4. Nxd4 d6 5. Nc3 a6 6. g3 e6 7. Bg2 Be7 8. O-O O-O 9. b3 Qc7 10. Bb2 Nbd7 11. Rc1 Ne5 12. Qd2 Bd7 13. Rfd1 Rfd8 14.
h3 Rac8 15. Qe3 h6 16. Ne4 Ne8 17. c5 dxc5 18. Nf3 Nxf3+ 19. Bxf3 b6 20. b4 c4 21. Bd4 Rb8 22. Qc3 Rbc8 23. Qe3 Ba4 24. Bxb6 Rxd1+ 25. Rxd1 Qb8 26. Rb1 c3 27. Nxc3 Rxc3 28. Qxc3 Qxb6 29. a3 Nd6 30. Rc1 Nb5 31. Qc6 Qa7 32. Qe8+ Kh7 33. Qxf7 Nd6 34. Qxe6 Bb5 35. Be4+ Nxe4 36. Qxe4+ Kg8 37.
Qe6+ Kh7 38. Qf5+ 1-0

[Event "Early-Titled-Tuesday-Blitz-February-13-2024"]
[Site "Chess.com"]
[Date "2024.02.13"]
[Round "7"]
[White "Lion_DL"]
[Black "Nikolakis2014"]
[Result "0-1"]
[WhiteElo "2483"]
[BlackElo "2717"]
[TimeControl "180+1"]
[EndTime "9:20:38 PST"]
[Termination "Nikolakis2014 won by checkmate"]

1. d4 Nf6 2. c4 e6 3. Nf3 c5 4. d5 d6 5. Nc3 exd5 6. cxd5 g6 7. Bf4 Bg7 8. Qa4+ Bd7 9. Qb3 O-O 10. e3 Qc7 11. h3 Na6 12. Be2 Rab8 13. a4 Nb4 14. O-O a6 15. Nd2 b5 16. axb5 axb5 17. Nde4 Nxe4 18.
Nxe4 Rb6 19. Rfc1 Na6 20. Nxd6 c4 21. Nxc4 bxc4 22. Bxc7 Rxb3 23. Rxa6 Bxb2 24. Rxc4 Bb5 25. Rac6 Bxc4 26. Bxc4 Rc3 27. d6 Rc1+ 28. Kh2 Rd1 29. Bb5 h5 30. Rc2 Be5+ 31. g3 Bxd6 32. Be2 Rd5 33. Bf3 Rc5 34. Bxd6 Rxc2 35. Bxf8 Rxf2+ 36. Bg2 Kxf8 37. Kg1 Re2 38. e4 Ke7 39. h4 Kf6 40. Kh2 Ke5 41. Kh3 Kd4 42. Bf3 Rf2 43. Bh1 Ke3 44. g4 Rf1 45. Bg2 hxg4+ 46. Kxg4 Rg1 47. Kh3 Kf2 48. h5 gxh5 49. e5 Rxg2 50. e6 fxe6 51.
Kh4 Rh2+ 52. Kg5 e5 53. Kh6 e4 54. Kh7 e3 55. Kh8 e2 56. Kh7 Rg2 57. Kh6 e1=Q 58. Kh7 Qe7+ 59. Kh8 Qg7# 0-1

[Event "Early-Titled-Tuesday-Blitz-February-13-2024"]
[Site "Chess.com"]
[Date "2024.02.13"]
[Round "7"]
[White "BeardedNM"]
[Black "EvgenyBurmakin"]
[Result "0-1"]
[WhiteElo "2184"]
[BlackElo "2381"]
[TimeControl "180+1"]
[EndTime "9:20:38 PST"]
[Termination "EvgenyBurmakin won on time"]

1. e4 c5 2. Nf3 d6 3. d4 cxd4 4. Nxd4 Nf6 5. Nc3 a6 6. Be3 e5 7. Nb3 Be6 8. f3 Be7 9. Qd2 Nbd7 10. O-O-O O-O 11. g4 b5 12. Rg1 Nb6 13. Na5 Nc4 14.
Nxc4 bxc4 15. g5 Nh5 16. Nd5 Bxd5 17. Qxd5 c3 18. b3 Nf4 19. Bxf4 exf4 20. g6 hxg6 21.
Rxg6 Bf6 22. Bc4 Rc8 23. Rdg1 Rc5 24. Qd3 Rh5 25. R6g2 Qa5 26. a4 Qb4 27. Bxa6 Rd8 28. Bc4 Qa3+ 29. Kd1 Rxh2 30. Rxh2 Qa1+ 31. Ke2 Qxg1 32. Rf2 Qc1 0-1

[Event "Early-Titled-Tuesday-Blitz-February-13-2024"]
[Site "Chess.com"]
[Date "2024.02.13"]
[Round "7"]
[White "alexrustemov"]
[Black "andrzej"]
[Result "1-0"]
[WhiteElo "2830"]
[BlackElo "2510"]
[TimeControl "180+1"]
[EndTime "9:20:39 PST"]
[Termination "alexrustemov won by checkmate"]

1. d4 d5 2. c4 e6 3. Nc3 Nf6 4.
Nf3 a6 5. cxd5 exd5 6. Bg5 Be6 7. e3 Nbd7 8. Bd3 Bd6 9. Qc2 c6 10. Bf4 Qc7 11. Bxd6 Qxd6 12. h3 h6 13. O-O O-O 14. Rfc1 Qe7 15. Na4 Ne8 16. Nc5 Nd6 17. b4 Rfe8 18.
a4 g6 19. Rab1 Rab8 20. b5 cxb5 21. axb5 a5 22. b6 Bf5 23. Bxf5 Nxf5 24. Qb3 Nf6 25. Ne5 Kg7 26. Ra1 Ra8 27. Rc2 Red8 28. Rca2 Nh7 29. Rxa5 Rab8 30. Ncd3 f6 31. Nf3 Qe4 32. Nf4 Ng5 33. Nd2 Nxd4 34. Qd1 Nc2 35. R1a4 Qf5 36. Rc5 Rbc8 37. Rc7+ Kg8 38. g4 Nxh3+ 39.
Nxh3 Qd3 40. Nf4 Qb3 41. Ra7 Qxb6 42. Rcxb7 Qc5 43. Rg7+ Kf8 44. Nxg6+ Ke8 45. Rae7+ Qxe7 46. Rxe7# 1-0

[Event "Early-Titled-Tuesday-Blitz-February-13-2024"]
[Site "Chess.com"]
[Date "2024.02.13"]
[Round "7"]
[White "Iskusnyh"]
[Black "scarabee43"]
[Result "0-1"]
[WhiteElo "2656"]
[BlackElo "2867"]
[TimeControl "180+1"]
[EndTime "9:20:39 PST"]
[Termination "scarabee43 won by checkmate"]

1. d4 Nf6 2. c4 e6 3. g3 d5 4. Bg2 Be7 5. Nf3 O-O 6. O-O Nbd7 7. Qc2 b6 8. cxd5 exd5 9. Nc3 Bb7 10. Bf4 a6 11. Rad1 Rc8 12. Bh3 c5 13. dxc5 bxc5 14. Ne5 d4 15. Nxd7 Nxd7 16. Na4 Bc6 17. b3 Bb5 18.
Nb2 Qb6 19. Nc4 Qf6 20. Na5 Bd8 21. a4 Bxa5 22. axb5 Rcd8 23. bxa6 Qxa6 24. Ra1 Qb6 25. Bg5 f6 26. Bf4 Bc3 27. Ra4 Ne5 28. Bf5 g6 29. Be4 Rfe8 30. Kg2 Kg7 31. h4 Re7 32. h5 gxh5 33. Rh1 Ng6 34. Rxh5 Qe6 35. Rxh7+ Kxh7 36. Bxg6+ Kg7 37. Bd3 Qd5+ 38. f3 Rh8 39. Ra6 Qh5 40. g4 Qh1+ 41. Kf2 Be1# 0-1

[Event "Early-Titled-Tuesday-Blitz-February-13-2024"]
[Site "Chess.com"]
[Date "2024.02.13"]
[Round "7"]
[White "maxip32"]
[Black "Binary010"]
[Result "0-1"]
[WhiteElo "2668"]
[BlackElo "2900"]
[TimeControl "180+1"]
[EndTime "9:20:40 PST"]
[Termination "Binary010 won by resignation"]

1. e4 c5 2. Nf3 d6 3. d4 cxd4 4.
Nxd4 Nf6 5. Nc3 a6 6. Be2 e5 7.
Nb3 Be7 8. Be3 Be6 9. Qd3 O-O 10. Nd5 Nbd7 11. O-O Bxd5 12. exd5 Rc8 13. c4 Ne8 14. Qd2 b6 15. Rac1 a5 16. Na1 g6 17. b3 Ng7 18.
a3 Nf5 19. b4 axb4 20. axb4 Nxe3 21. fxe3 Ra8 22. Nb3 Bg5 23. Rc3 Ra3 24. Qb2 Qa8 25. Ra1 Rxa1+ 26. Nxa1 e4 27. Ra3 Qd8 28. Nc2 Ne5 29.
Nd4 Qf6 30. Qa1 Nd3 31. Kh1 Bxe3 32. Nc2 Qf2 33. Bxd3 exd3 34. Nxe3 Qxe3 35. h3 Qe2 36. Ra8 d2 37. Kh2 d1=Q 0-1

[Event "Early-Titled-Tuesday-Blitz-February-13-2024"]
[Site "Chess.com"]
[Date "2024.02.13"]
[Round "7"]
[White "Dyadya81"]
[Black "vladgoncharov"]
[Result "1-0"]
[WhiteElo "2821"]
[BlackElo "2628"]
[TimeControl "180+1"]
[EndTime "9:20:40 PST"]
[Termination "Dyadya81 won by resignation"]

1. e4 e6 2. d4 d5 3. Nc3 Nf6 4. Bg5 Be7 5. e5 Nfd7 6. h4 a6 7. Qg4 Kf8 8. Nf3 h6 9. Bxe7+ Qxe7 10. O-O-O c5 11. dxc5 Nc6 12. Qf4 Qxc5 13. Bd3 b5 14. Bg6 Qe7 15. Rh3 Kg8 16. Bd3 Nc5 17. Rg3 Nxd3+ 18.
Rxd3 g6 19. Nd1 Qb4 20. Qf6 Qe7 21. Qxe7 Nxe7 22. Ne3 Bd7 23. Nd4 Kg7 24. f4 Rhc8 25.
h5 Kh7 26. hxg6+ Nxg6 27. Ng4 Rc7 28. Nf6+ Kg7 29. Rg4 Rac8 30. Kd2 Be8 31. Rxg6+ fxg6 32. Nxe6+ Kf7 33. Nxc7 Rxc7 34. Nxd5 Rc4 35. b3 Re4 36. g3 g5 37. Nf6 Bc6 38. Nxe4 Bxe4 39. Rd6 gxf4 40.
gxf4 h5 41. Rxa6 h4 42. Rh6 1-0

[Event "Early-Titled-Tuesday-Blitz-February-13-2024"]
[Site "Chess.com"]
[Date "2024.02.13"]
[Round "7"]
[White "db-banana"]
[Black "Sanyura"]
[Result "0-1"]
[WhiteElo "2484"]
[BlackElo "2653"]
[TimeControl "180+1"]
[EndTime "9:20:40 PST"]
[Termination "Sanyura won by resignation"]

1. e4 Nf6 2. e5 Nd5 3. c4 Nb6 4. d4 d6 5. f4 g6 6. Nf3 Bg7 7. Be2 O-O 8. Nc3 Bg4 9. b3 dxe5 10. fxe5 Nc6 11. Be3 Qd7 12. Ne4 Rad8 13.
Nc5 Qc8 14. O-O Bxf3 15. Bxf3 Bxe5 16. d5 Nb4 17. Bh6 Rfe8 18. Bg4 f5 19. Bxf5 gxf5 20. Qh5 e6 21. Kh1 exd5 22. Rxf5 Bxa1 23. Qf7+ Kh8 24. h4 Re1+ 25. Kh2 Rg8 26. Rg5 Rxg5 27. Bxg5 Qe8 28. Bf6+ Bxf6 29. Qxf6+ Kg8 30. cxd5 Qe5+ 31. Qxe5 Rxe5 32.
a3 N4xd5 33. Nd3 Re3 34. Ne5 Rxe5 0-1

[Event "Early-Titled-Tuesday-Blitz-February-13-2024"]
[Site "Chess.com"]
[Date "2024.02.13"]
[Round "7"]
[White "GulamaliRises"]
[Black "Zq1"]
[Result "0-1"]
[WhiteElo "2617"]
[BlackElo "2494"]
[TimeControl "180+1"]
[EndTime "9:20:40 PST"]
[Termination "Zq1 won on time"]

1. e4 c5 2. Nf3 d6 3. d4 cxd4 4. Qxd4 a6 5. c4 e6 6. Nc3 Nf6 7. Be2 Be7 8. O-O b6 9. Rd1 Nbd7 10. e5 dxe5 11. Nxe5 Nxe5 12. Qxe5 Bd7 13. Be3 Qb8 14. Qg5 O-O 15. Rxd7 h6 16. Qh4 Nxd7 17. Qxe7 Qd8 18. Qd6 Nc5 19. Bxc5 bxc5 20. Qxc5 Qd2 21. Qa3 Rab8 22. Rb1 Rfd8 23. Bf1 Qc2 24. b4 Rd2 25.
Rc1 Qf5 26. Nd1 Rbd8 27. Qb3 Qf4 28. Qe3 Qb8 29. Nc3 Qxb4 30. c5 R2d7 31. Ne4 Rc7 32. Bxa6 Rd4 33. Nd6 Rxc5 0-1

[Event "Early-Titled-Tuesday-Blitz-February-13-2024"]
[Site "Chess.com"]
[Date "2024.02.13"]
[Round "7"]
[White "Louis-Paulsen-Fan"]
[Black "HalfIsCrayfish"]
[Result "1/2-1/2"]
[WhiteElo "2275"]
[BlackElo "2544"]
[TimeControl "180+1"]
[EndTime "9:20:40 PST"]
[Termination "Game drawn by repetition"]

1. d4 d5 2. Nf3 Nf6 3. c4 e6 4. Nc3 c6 5. Bg5 h6 6. Bh4 Be7 7. e3 O-O 8. Bd3 Nbd7 9. O-O Re8 10. Rc1 dxc4 11. Bxc4 b5 12. Bb3 Bb7 13. Qe2 a6 14. Rfd1 Qb6 15. Bc2 c5 16. dxc5 Nxc5 17. a3 Red8 18.
Nd4 Rac8 19. h3 Ba8 20. Bb1 Qb7 21. f3 Nd5 22. Bxe7 Qxe7 23. Nxd5 Bxd5 24. b4 Na4 25.
Qd2 Qg5 26. Rxc8 Rxc8 27. Rc1 Qd8 28. Rxc8 Qxc8 29. e4 Bc4 30. Qe3 Qc7 31. f4 Nb6 32. e5 Bd5 33. Be4 Qc4 34. Bxd5 Nxd5 35. Qe4 Qc3 36.
f5 Qe3+ 37. Qxe3 Nxe3 38. fxe6 fxe6 39. Nxe6 Nc2 40. Nc7 Nxa3 41. Nxa6 Kf7 42. Kf2 Ke6 43. Ke3 Kxe5 44. g4 g5 45. Kd3 Nc4 46. Nc7 Nd6 47. Ke3 Nc4+ 48. Kd3 Nd6 49. Ke3 Nc4+ 50. Kd3 1/2-1/2

[Event "Early-Titled-Tuesday-Blitz-February-13-2024"]
[Site "Chess.com"]
[Date "2024.02.13"]
[Round "7"]
[White "Sl4werThanYou"]
[Black "Elnaz_Kaliakhmet"]
[Result "0-1"]
[WhiteElo "2625"]
[BlackElo "2369"]
[TimeControl "180+1"]
[EndTime "9:20:42 PST"]
[Termination "Elnaz_Kaliakhmet won by resignation"]

1. d4 Nf6 2. c4 e6 3. Bf4 d5 4. cxd5 exd5 5. Nc3 Bd6 6. Bxd6 Qxd6 7. e3 O-O 8. Bd3 Bg4 9. Qb3 b6 10. h3 Be6 11.
Nge2 c5 12. Qa3 Nbd7 13. O-O Qc6 14. Bb5 Qc7 15. Rac1 Rac8 16. Rfd1 Rfd8 17. Ba6 Rb8 18. Nb5 Qc6 19. Nxa7 Qa8 20. Bb5 Rb7 21. Nc6 Qxa3 22. bxa3 Ra8 23. Ne7+ Kf8 24. Bc6 Kxe7 25. Bxb7 Rxa3 26. Nc3 c4 27. Bc6 Nb8 28. Bb5 Bd7 29.
Bxd7 Nbxd7 30. Rd2 Rxc3 31. Rxc3 Ne4 32. Rdc2 Nxc3 33.
Rxc3 b5 34. Ra3 b4 35. Ra5 c3 36. Ra6 Nb8 37. Ra5 Nd7 38. Ra8 Nb6 39. Ra5 Nc4 40.
Rc5 c2 41. Rxc4 dxc4 0-1

[Event "Early-Titled-Tuesday-Blitz-February-13-2024"]
[Site "Chess.com"]
[Date "2024.02.13"]
[Round "7"]
[White "ChainedDowntohell"]
[Black "azikom"]
[Result "0-1"]
[WhiteElo "2539"]
[BlackElo "2735"]
[TimeControl "180+1"]
[EndTime "9:20:43 PST"]
[Termination "azikom won by resignation"]

1. d4 d5 2. c4 e6 3. Nc3 c6 4. Qd3 f5 5. Bf4 Nf6 6. Nf3 Be7 7. e3 O-O 8. Qc2 Ne4 9. Bd3 Nd7 10. Ne5 Nxe5 11. Bxe5 Bd6 12. Bxd6 Qxd6 13. c5 Qe7 14.
f4 b6 15. b4 a5 16. Bxe4 fxe4 17. Na4 axb4 18. Nxb6 Ra3 19. O-O Rxe3 20. Qd2 Rc3 21. Rfc1 Ba6 22. Rxc3 bxc3 23. Qxc3 Rxf4 24. Qa5 Qf6 25. h3 Qxd4+ 26. Kh2 Qxa1 27. Qxa6 h6 28. Nd7 Qf1 29. Qxc6 Rf2 30. Qxe6+ Kh7 31. Qg4 e3 32. Ne5 Rf6 33. c6 e2 34. Nd3 e1=Q 35. Nxe1 Qxe1 36. Qd7 Qe5+ 37. Kg1 Qd4+ 38. Kh2 Qf4+ 39. Kg1 Qc1+ 40.
Kh2 Qxc6 0-1

[Event "Early-Titled-Tuesday-Blitz-February-13-2024"]
[Site "Chess.com"]
[Date "2024.02.13"]
[Round "7"]
[White "jocmil"]
[Black "Payyappat"]
[Result "1-0"]
[WhiteElo "2753"]
[BlackElo "2574"]
[TimeControl "180+1"]
[EndTime "9:20:44 PST"]
[Termination "jocmil won on time"]

1. d4 Nf6 2. Nc3 d5 3. Bf4 c5 4. e4 Nc6 5. Nb5 e5 6. dxe5 Nxe4 7. Qxd5 Qxd5 8. Nc7+ Kd8 9. Nxd5 Be6 10. Rd1 Nd4 11.
Nc3 f5 12. Nxe4 fxe4 13. c3 Kc7 14. cxd4 Rd8 15. dxc5 Bxc5 16. Rc1 Kb6 17. Be3 Bxe3 18. fxe3 Bxa2 19. Ne2 Rhe8 20. Nd4 Rxe5 21. b3 Ra5 22. Be2 Ra3 23. Rc3 a5 24. Kd2 Bxb3 25. Rb1 a4 26.
Ke1 Ka5 27. Nxb3+ axb3 28. Rcxb3 Rxb3 29. Rxb3 Rd7 30. Rb5+ Ka4 31. Re5 Rc7 32. Rxe4+ Ka3 33. Re5 Ka4 34. Rb5 Re7 35. Rb6 Ka5 36. Rb3 b6 37. Rb5+ Ka4 38. Rxb6 Rxe3 39. Rb7 1-0

[Event "Early-Titled-Tuesday-Blitz-February-13-2024"]
[Site "Chess.com"]
[Date "2024.02.13"]
[Round "7"]
[White "Msb2"]
[Black "TrahtarBelarus"]
[Result "1-0"]
[WhiteElo "2993"]
[BlackElo "2866"]
[TimeControl "180+1"]
[EndTime "9:20:46 PST"]
[Termination "Msb2 won by resignation"]

1. d4 Nf6 2. c4 g6 3. Nc3 d5 4. cxd5 Nxd5 5. e4 Nxc3 6. bxc3 Bg7 7. Nf3 c5 8. Bb5+ Bd7 9. Bxd7+ Qxd7 10. O-O O-O 11.
Be3 cxd4 12. cxd4 Nc6 13. Rc1 e6 14. Qd2 Rac8 15. h4 a6 16. h5 gxh5 17. Rfd1 Ne7 18.
Bh6 Rxc1 19. Rxc1 Rc8 20. Rd1 Ng6 21. Bxg7 Kxg7 22. Qg5 Qb5 23. d5 Qe2 24. Re1 Qxa2 25.
dxe6 Qxe6 26. e5 Rc4 27. Qd2 h4 28. Ng5 Qg4 29. Nh3 Re4 30. Rb1 Nxe5 31. Kh1 Re2 32. Qc3 b5 33. Rd1 Qc4 34. Qa1 Qe4 35. Kh2 h6 36.
Rd4 Qf5 37. Rf4 Qe6 38. Rxh4 Kg8 39. Nf4 Ng4+ 40. Kg3 Re1 41. Qd4 Qb3+ 42. f3 Ne5 43.
Rxh6 Qd1 44. Qb6 Qd7 45. Qb8+ 1-0

[Event "Early-Titled-Tuesday-Blitz-February-13-2024"]
[Site "Chess.com"]
[Date "2024.02.13"]
[Round "7"]
[White "GianmarcoVaR"]
[Black "Ykow"]
[Result "1/2-1/2"]
[WhiteElo "2720"]
[BlackElo "2535"]
[TimeControl "180+1"]
[EndTime "9:20:46 PST"]
[Termination "Game drawn by repetition"]

1. e4 c5 2. Nf3 Nf6 3. Nc3 d6 4. d4 cxd4 5. Nxd4 e5 6. Bb5+ Nbd7 7. Nf5 a6 8. Bxd7+ Qxd7 9. Ne3 Qc6 10. Ned5 Nxd5 11.
Nxd5 Be6 12. Be3 Bxd5 13. exd5 Qb5 14. b3 Be7 15. c4 Qa5+ 16. Qd2 Qxd2+ 17. Kxd2 Kd7 18.
f3 f5 19. Rac1 Rac8 20. Ke2 h5 21. a4 h4 22. a5 g5 23. b4 g4 24. fxg4 Rhg8 25.
gxf5 Rxg2+ 26. Kd3 Rf8 27. Rcg1 Rxg1 28. Rxg1 Rxf5 29.
Ke4 Rf7 30. h3 Kc7 31. Rg4 Kd7 32. Rg8 Kc7 33. Bb6+ Kd7 34. Rb8 Rf4+ 35. Kd3 Rf3+ 36. Ke4 Rf4+ 37. Ke3 Rxc4 38. Rxb7+ Ke8 39. b5 Bg5+ 40.
Kd3 axb5 41. a6 e4+ 42. Ke2 Rc2+ 43. Kf1 Rc1+ 44. Kg2 Rc2+ 45. Kf1 Rc1+ 46. Kg2 Rc2+ 47. Kh1 Rc1+ 48. Kh2 Bf4+ 49. Kg2 Rc2+ 50. Kg1 Rc1+ 51. Kg2 Rc2+ 52. Kh1 Rc1+ 53. Kg2 1/2-1/2

[Event "Early-Titled-Tuesday-Blitz-February-13-2024"]
[Site "Chess.com"]
[Date "2024.02.13"]
[Round "7"]
[White "lachesisQ"]
[Black "Sychev_Klementy"]
[Result "0-1"]
[WhiteElo "3046"]
[BlackElo "2923"]
[TimeControl "180+1"]
[EndTime "9:20:47 PST"]
[Termination "Sychev_Klementy won by resignation"]

1. e4 e5 2. f4 exf4 3. Nf3 d6 4. Bc4 h6 5. h4 Nf6 6. Nc3 Nc6 7. d4 Nh5 8. a3 Bg4 9. Qd3 a6 10. Bd2 Be7 11. O-O-O Qd7 12. Nd5 O-O 13. Nxf4 b5 14. Bd5 Nf6 15. Ba2 b4 16. a4 Rab8 17.
Rde1 Na5 18. e5 Qxa4 19. Bb1 dxe5 20. Nxe5 Bd7 21. g4 Bb5 22. Qf3 b3 23. Bxa5 bxc2 24. Bxc2 Qxa5 25. Kb1 Ba4 26. Nfd3 Nd5 27. Nc6 Bxc6 28.
Qf5 Nc3+ 29. Kc1 Qxf5 30. gxf5 Bxh1 31. bxc3 Ba3+ 32. Kd2 Bc6 33. Ne5 Ba8 34. f6 g6 35.
h5 g5 36. Ng4 Rfe8 37. Nxh6+ Kf8 38. Rg1 Bd6 39. c4 Bf4+ 40. Kc3 Re3+ 41. Bd3 Be4 0-1

[Event "Early-Titled-Tuesday-Blitz-February-13-2024"]
[Site "Chess.com"]
[Date "2024.02.13"]
[Round "7"]
[White "yuriydovzik"]
[Black "Happy1712Drummer"]
[Result "0-1"]
[WhiteElo "2118"]
[BlackElo "2384"]
[TimeControl "180+1"]
[EndTime "9:20:48 PST"]
[Termination "Happy1712Drummer won on time"]

1. e4 c5 2. Nf3 e6 3. Nc3 Nc6 4. d4 cxd4 5. Nxd4 Nf6 6. Ndb5 Bc5 7. Nd6+ Ke7 8. Bf4 e5 9. Nf5+ Kf8 10. Bg5 d6 11. Bc4 Be6 12. Bxe6 fxe6 13. O-O exf5 14. exf5 Ne7 15. Bxf6 gxf6 16. Ne4 Nc6 17. c3 Qe7 18. b4 Bb6 19. Qd5 Rd8 20. Rad1 Bc7 21. a3 Qf7 22. Qb5 Bb8 23. a4 a6 24. Qe2 Rg8 25. b5 axb5 26. axb5 Ne7 27. c4 Nxf5 28. Qf3 Nh4 29. Qh3 Nxg2 30. Kh1 Nf4 31. Qf5 Qg6 32. Qxf6+ Qxf6 33. Nxf6 Rg6 34. Ne4 Ke7 35. Rg1 Rdg8 0-1

[Event "Early-Titled-Tuesday-Blitz-February-13-2024"]
[Site "Chess.com"]
[Date "2024.02.13"]
[Round "7"]
[White "SimonKnightRivendell"]
[Black "Shodikulov_Jamshid1990"]
[Result "0-1"]
[WhiteElo "2148"]
[BlackElo "2367"]
[TimeControl "180+1"]
[EndTime "9:20:48 PST"]
[Termination "Shodikulov_Jamshid1990 won on time"]

1. d4 Nf6 2. c4 c5 3. d5 b5 4. Nc3 b4 5. Na4 d6 6. b3 g6 7. Bb2 Bg7 8. e3 O-O 9. Bd3 Bd7 10. Nf3 Bxa4 11. bxa4 a5 12. O-O Nbd7 13. Qc2 Nb6 14. e4 Qe8 15. e5 dxe5 16. Bxe5 Qxa4 17. Qe2 Rfe8 18. Rfe1 Qd7 19. Rad1 Nc8 20. Bf4 Nh5 21. Be5 Nf6 22. Bf4 Nh5 23. Be5 f6 24. Bb2 Nd6 25. Qe3 a4 26. Qxc5 Nf4 27. Qxb4 Rab8 28. Qc3 Nxd3 29.
Rxd3 Rec8 30. Nd2 Qc7 31. Rde3 Bf8 32. Ba3 Nf5 33. Re6 Qd7 34. Ne4 Qxd5 35. cxd5 Rxc3 36. Nxc3 Kf7 37. Rc6 Rd8 0-1

[Event "Early-Titled-Tuesday-Blitz-February-13-2024"]
[Site "Chess.com"]
[Date "2024.02.13"]
[Round "7"]
[White "toog"]
[Black "Zurability"]
[Result "0-1"]
[WhiteElo "2563"]
[BlackElo "2749"]
[TimeControl "180+1"]
[EndTime "9:20:51 PST"]
[Termination "Zurability won by checkmate"]

1. d4 Nf6 2. Nf3 e6 3. Bf4 b6 4. e3 Bb7 5. Nbd2 g6 6. Be2 Bg7 7. O-O O-O 8. c3 d6 9. h3 Nbd7 10. a4 a6 11. Qc2 Qe7 12. Bh2 e5 13. dxe5 dxe5 14. Nc4 Nd5 15. Rfd1 e4 16. Nd4 f5 17. Bf1 f4 18. exf4 Nxf4 19. Ne3 Ne5 20. a5 b5 21. Bxf4 Rxf4 22. c4 b4 23. c5 Raf8 24. c6 Rxf2 25. Qxf2 Rxf2 26. cxb7 Rf8 27. Bxa6 c5 28. Nb3 Qg5 29. Nc4 Nf3+ 30. Kh1 Qg3 31. gxf3 Qxh3+ 32. Kg1 Qg3+ 33. Kh1 Qxf3+ 34. Kg1 Qxb3 35. Rd2 Qg3+ 36. Kh1 Qh3+ 37. Kg1 Bd4+ 38. Rxd4 cxd4 39. Nb6 Qg3+ 40. Kh1 Rf5 41. Bc4+ Kg7 42. Be2 Rf2 43. b8=Q Rh2# 0-1

[Event "Early-Titled-Tuesday-Blitz-February-13-2024"]
[Site "Chess.com"]
[Date "2024.02.13"]
[Round "7"]
[White "JEIGOTH"]
[Black "Flaccidmoves"]
[Result "0-1"]
[WhiteElo "2223"]
[BlackElo "2431"]
[TimeControl "180+1"]
[EndTime "9:20:52 PST"]
[Termination "Flaccidmoves won by checkmate"]

1. d4 Nf6 2. Nf3 g6 3. Nc3 d5 4.
Bf4 Bg7 5. e3 O-O 6. Bd3 c5 7. O-O Nc6 8. dxc5 Nh5 9. Bg3 Nxg3 10. hxg3 e5 11. e4 dxe4 12. Nxe4 h6 13. Nd6 f5 14. Bc4+ Kh7 15. c3 e4 16. Nd4 Ne5 17. Be2 b6 18. Nxc8 Qxc8 19. cxb6 axb6 20. a4 Rd8 21.
Qb3 Rd6 22. Rfd1 Qd7 23. Nb5 Rxd1+ 24. Rxd1 Qe7 25. Rd6 Nd7 26. Bc4 Nc5 27. Qd1 e3 28.
fxe3 Qxe3+ 29. Kh2 Ne4 30. Rd3 Qc5 31. b3 Nf2 32.
Qf3 Re8 33. Rd5 Ng4+ 34. Qxg4 fxg4 35. Rxc5 bxc5 36. a5 Ra8 37. b4 Bxc3 38. Nxc3 cxb4 39.
Nd5 Rxa5 40. Bb3 Ra3 41. Bc4 b3 42. Nc3 b2 43. Nb1 Re3 44. Ba2 Kg7 45. Kg1 Re2 46. Kf1 Rc2 47. Kg1 Kf6 48. Kf1 h5 49. Kg1 g5 50.
Kf1 h4 51. gxh4 gxh4 52. Kg1 Kf5 53. Kf1 Kf4 54. Kg1 Kg3 55. Kf1 h3 56. gxh3 gxh3 57.
Kg1 Rc1# 0-1

[Event "Early-Titled-Tuesday-Blitz-February-13-2024"]
[Site "Chess.com"]
[Date "2024.02.13"]
[Round "7"]
[White "KuzubovYuriy"]
[Black "wonderfultime"]
[Result "1-0"]
[WhiteElo "2958"]
[BlackElo "3071"]
[TimeControl "180+1"]
[EndTime "9:20:54 PST"]
[Termination "KuzubovYuriy won by resignation"]

1. d4 d5 2. c4 e6 3. Nc3 Bb4 4. e3 Nf6 5. a3 Bxc3+ 6. bxc3 c6 7. Ne2 O-O 8. Ng3 b6 9. f3 Ba6 10. cxd5 cxd5 11. Bxa6 Nxa6 12. O-O Qc8 13. Bd2 Nc7 14. e4 Nd7 15. Qe1 Qd8 16. Nh5 f6 17. Qg3 Rf7 18. Rae1 Nf8 19. h4 Ne8 20. e5 fxe5 21. Rxe5 Rc8 22.
Rfe1 Rc6 23. Rg5 Qc7 24. Qg4 Qe7 25. a4 Qd7 26. Nf4 Nf6 27. Qh3 Rd6 28. Ra1 Ne8 29. Nd3 Qe7 30. Re1 Rc6 31. Ne5 Rc7 32. Nxf7 Qxf7 33. h5 Nd6 34. h6 g6 35. Qg3 Rd7 36.
Rge5 Nc4 37. R5e2 Nd6 38. Bf4 Nf5 39. Qf2 Rd8 40. g4 Ne7 41. Qg3 Rc8 42. Bd2 Nc6 43.
Kg2 Na5 44. Bf4 Nc4 45. Bd6 Nxd6 46. Qxd6 Rxc3 47. Re3 Rc2+ 48. R1e2 Rc4 49. Qd8 Rc6 50. Qb8 Qc7 51. Qe8 Qc8 52. Rxe6 Qxe8 53. Rxe8 g5 54. R2e7 Rxh6 55. Rxa7 Rf6 56. Rb8 h6 57. Ra6 Kg7 58. Raxb6 Rf4 59. R6b7+ Kg8 60. Rc7 Rxd4 61. Rcc8 Rf4 62.
a5 1-0

[Event "Early-Titled-Tuesday-Blitz-February-13-2024"]
[Site "Chess.com"]
[Date "2024.02.13"]
[Round "7"]
[White "MiguelEduardoGB"]
[Black "emeli_chess"]
[Result "0-1"]
[WhiteElo "2155"]
[BlackElo "2362"]
[TimeControl "180+1"]
[EndTime "9:20:54 PST"]
[Termination "emeli_chess won on time"]

1. Nf3 f5 2. b3 d6 3. Bb2 e5 4. d3 Nf6 5. c4 Be7 6. Nfd2 O-O 7. g3 Qe8 8. Bg2 Qh5 9. Nc3 c6 10. Qc2 Na6 11. a3 Nc7 12. h3 Bd7 13. O-O-O a6 14. g4 fxg4 15. hxg4 Qxg4 16. Rdg1 Qe6 17. Nce4 Nxe4 18.
Bxe4 Rf5 19. Bxf5 Qxf5 20. f3 b5 21. Kb1 bxc4 22. Nxc4 Rb8 23. Ne3 Qe6 24. Nc4 Bf6 25. d4 g6 26. dxe5 dxe5 27. e3 Nd5 28. e4 Nf4 29.
Ka2 Be8 30. Ne3 Bf7 31. Nc4 a5 32. a4 Qe7 33. Rd1 Ne6 34. Rd6 Nd4 35. Bxd4 exd4 36.
Qd3 Kg7 37. Rxc6 Qb4 38. Ra6 Bxc4 39. Qxc4 Qd2+ 40. Ka3 Be7+ 0-1